 Dungeon Crawl Stone Soup version 0.23-a0-650-ga4d50d4 (webtiles) character file.

158 zishaf the Gusty (level 4, 0/49 HPs)
             Began as a Demigod Air Elementalist on Jan 3, 2019.
             Slain by an adder (3 damage)
             ... on level 3 of the Dungeon.
             The game lasted 00:06:24 (2285 turns).

zishaf the Gusty (Demigod Air Elementalist)         Turns: 2285, Time: 00:06:24

Health: 0/49       AC: 22    Str: 11    XL:     4   Next: 94%
Magic:  3/9        EV:  2    Int: 21    God:
Gold:   98         SH:  0    Dex: 21    Spells: 4/7 levels left

rFire    . . .     SeeInvis .   i - +0 mace
rCold    . . .     Gourm    .   (no shield)
rNeg     + + +     Faith    .   (armour currently unavailable)
rPois    +         Spirit   .   (helmet currently unavailable)
rElec    .         Reflect  .   (cloak currently unavailable)
rCorr    .         Harm     +   (gloves currently unavailable)
MR       .....     NoTele   +   (boots currently unavailable)
Stlth    ++........             b - amulet of harm
HPRegen  0.16/turn              k - +5 ring of dexterity
MPRegen  0.11/turn              (no ring)

@: tree-form (expiring)
A: high mp 1
a: no special abilities


You were on level 3 of the Dungeon.
You were hungry.
You were a tree.
You visited 1 branch of the dungeon, and saw 3 of its levels.

You collected 98 gold pieces.

Inventory:

Hand Weapons
 i - a +0 mace (weapon)
Missiles
 s - 24 sling bullets
 t - 35 stones (quivered)
Armour
 f - a +0 robe of magic resistance (melded)
 j - a +0 helmet of see invisible (melded)
Jewellery
 b - an amulet of harm (around neck)
 k - a +5 ring of dexterity (left branch)
Scrolls
 a - a scroll of enchant armour {unknown}
 e - 2 scrolls of identify
 h - 2 scrolls of teleportation
 l - a scroll of fog
 m - 3 scrolls of remove curse {unknown}
 o - a scroll of amnesia {unknown}
 q - a scroll of noise
 r - a scroll of immolation {unknown}
Potions
 d - a potion of lignification
 g - a potion of degeneration
 p - a potion of flight
Comestibles
 c - 6 rations
 n - 7 chunks of flesh


   Skills:
 + Level 3.1 Dodging
 - Level 1.7 Stealth
 - Level 2.0 Spellcasting
 + Level 2.6 Conjurations
 + Level 3.7 Air Magic


You had 4 spell levels left.
You knew the following spells:

 Your Spells              Type           Power        Failure   Level  Hunger
a - Shock                 Conj/Air       ###.         4%          1    #......
b - Swiftness             Chrm/Air       #.......     11%         2    ##.....

Your spell library contained the following spells:

 Spells                   Type           Power        Failure   Level  Hunger
 Static Discharge         Conj/Air       ###.....     12%         3    ###....
 Airstrike                Air            ###.......   30%         4    #####..
 Lightning Bolt           Conj/Air       ###.......   73%         5    ######.


Dungeon Overview and Level Annotations

Branches:
Dungeon (3/15)


Innate Abilities, Weirdness & Mutations

You have an increased reservoir of magic. (+10% MP)


Message History

You hit the adder.
The adder is almost dead.
Your transformation is almost over.
The bat hits you but does no damage. The adder barely misses you.
The kobold hits you but does no damage. The adder barely misses you.
The kobold hits you but does no damage.
You closely miss the adder.
The adder is almost dead.
The bat hits you but does no damage. The adder bites you.
* * * LOW HITPOINT WARNING * * *
The kobold hits you but does no damage. The adder bites you but does no damage.
You miss the adder.
The adder is almost dead.
The bat hits you but does no damage. The adder bites you but does no damage.
The kobold hits you but does no damage.
You hit the adder but do no damage.
The adder is almost dead.
The adder bites you but does no damage. The bat hits you but does no damage.
The kobold hits you but does no damage. The adder bites you.
You die...

......... ... #...# ....#
.## ...##### ####..#. .
..## ......###....... ..
...####.............##.#
........#...............
..(#####..............
...#####......)..K.# .
......).)((.)..b♣S.#...#
...####..........[.......
..## ####.......###.####
.## ##....(.....# ##
#........># #..(......#
#.........# ###########


You could see an adder, a bat and a kobold.

Vanquished Creatures
  6 adders
  2 oozes (D:1)
  3 worms
  2 dart slugs (D:2)
  3 leopard geckos
  3 orcs (D:3)
  7 bats
  3 giant cockroaches
  8 goblins
  11 hobgoblins
  4 jackals (D:1)
  11 kobolds
  A quokka (D:2)
  7 frilled lizards
  A leopard gecko skeleton (D:2)
  6 rats
78 creatures vanquished.

Notes
Turn   | Place    | Note
-------+----------+-------------------------------------------
     0 | D:1      | zishaf the Demigod Air Elementalist began the quest for the
                  | Orb.
     0 | D:1      | Reached XP level 1. HP: 14/14 MP: 5/5
    12 | D:1      | Reached skill level 1 in Conjurations
    75 | D:1      | Found a deep blue altar of Sif Muna.
   161 | D:1      | Reached XP level 2. HP: 20/20 MP: 1/7
   279 | D:1      | Learned a level 2 spell: Swiftness
   568 | D:1      | Reached XP level 3. HP: 26/26 MP: 3/8
  1321 | D:2      | Found a sacrificial altar of Ru.
  1457 | D:2      | Reached XP level 4. HP: 31/33 MP: 2/9
  2283 | D:3      | HP: 2/49 [adder (3)]
  2285 | D:3      | Slain by an adder

Vault maps used:
D:1:      evilmike_arrival_run_for_it, ebering_dispersal_statue_hall,
          grunt_decor_one_mirror, minmay_hexomino_r4
D:2:      nicolae_ru_awakened_eye, chequers_arboretum
D:3:      gup_sewer_entry_spiral

Skill      XL: |  1  2  3  4 |
---------------+-------------+-----
Conjurations   | 1 2 |  2.6
Dodging        | 2 3 |  3.1
Spellcasting   | 2 |  2.0
Air Magic      | 3 |  3.7
Stealth        | |  1.7

Action                   |  1- 3 |  4- 6 || total
-------------------------+-------+-------++-------
Melee: Mace              |     9 |    46 ||    55
 Cast: Shock             |    83 |    59 ||   142
  Use: Scroll            |       |     6 ||     6
       Potion            |       |     1 ||     1
  Eat: Chunk             |     1 |     4 ||     5
Armor: Robe              |     6 |    15 ||    21
       Skin              |       |    40 ||    40
Dodge: Dodged            |    37 |    58 ||    95

Table legend:
 A = Non-vault XP
 B = Vault XP
 C = Vault XP percentage of total XP
 D = Non-vault monster count
 E = Vault monster count
 F = Vault count percentage of total count
                 A         B        C        D         E       F
            +---------+---------+-------+---------+---------+-------
      Total |     220 |       7 |   3.1 |      76 |       2 |   2.6
            +---------+---------+-------+---------+---------+-------
        D:1 |      57 |       7 |  10.9 |      27 |       2 |   6.9
        D:2 |     104 |       0 |   0.0 |      32 |       0 |   0.0
        D:3 |      59 |       0 |   0.0 |      17 |       0 |   0.0
            +---------+---------+-------+---------+---------+-------
